 Dungeon Sprint DCSS version 0.21.1-1-g345015fe64 (webtiles) character file.

429 P0ring the Fighter (level 6, 0/68 HPs)
             Began as a Minotaur Berserker on Apr 17, 2018.
             Was a Believer of Trog.
             Slain by Sonja
             ... wielding a +0 dagger of venom
              (1 damage)
             ... in the Dungeon (Sprint I: "Red Sonja").
             The game lasted 00:01:48 (173 turns).

P0ring the Fighter (Minotaur Berserker)              Turns: 173, Time: 00:01:49

Health: 0/68       AC:  6    Str: 24    XL:     6   Next: 66%
Magic:  5/5        EV: 13    Int:  4    God:    Trog [**....]
Gold:   122        SH:  0    Dex:  9    Spells: 5/5 levels left

rFire    . . .     SeeInvis .   l - +6 club
rCold    . . .     Gourm    .   (no shield)
rNeg     . . .     Faith    .   s - +0 ring mail {MR+}
rPois    .         Spirit   .   (helmet restricted)
rElec    .         Reflect  .   (no cloak)
rCorr    .         Harm     .   (no gloves)
MR       +....     NoTele   +   (no boots)
Stlth    ..........             (no amulet)
HPRegen  0.21/turn              (no ring)
MPRegen  0.09/turn              (no ring)

@: lethally poisoned (0 -> -58), slowed, very slow
A: retaliatory headbutt, horns 2
a: Berserk, Trog's Hand, Burn Spellbooks, Renounce Religion


You were in the Dungeon.
You worshipped Trog.
Trog was pleased with you.
You were not hungry.

You visited 1 branch You collected 297 gold pieces.
You spent 175 gold pieces at shops.

Inventory:

Hand Weapons
 a - a +0 hand axe
 l - a +6 club (weapon)
 o - a +0 scythe of slicing
Missiles
 q - 8 exploding tomahawks (quivered)
Armour
 b - a +0 animal skin
 m - a +0 leather armour
 p - a +0 robe
 s - a +0 ring mail of magic resistance (worn)
Wands
 j - a wand of digging (9)
Scrolls
 i - a scroll of blinking
Potions
 d - a potion of curing
 e - a potion of heal wounds
 f - a potion of haste
 g - 2 potions of magic
 h - 2 potions of berserk rage
 k - a potion of degeneration {unknown}
 r - a potion of agility {unknown}
Comestibles
 c - a ration
 n - 6 chunks of flesh


   Skills:
 + Level 11.0 Fighting
 + Level 11.0(11.1) Axes
 + Level 2.2(7.4) Maces & Flails
 + Level 6.2 Armour
 + Level 5.5 Dodging


You had 5 spell levels left.
You didn't know any spells.

Dungeon Overview and Level Annotations

Branches:
Dungeon (1/1)

Altars:
Cheibriados
Dithmenos
Elyvilon
Fedhas
Gozag
Hepliaklqana
Kikubaaqudgha
Nemelex Xobeh
Okawaru
Qazlal
Ru
Sif Muna
Trog
Uskayaw
Vehumet
Wu Jian
Yredelemnul
Zin
The Shining One

Shops:
D [

Annotations:
D Sonja


Innate Abilities, Weirdness & Mutations

You reflexively headbutt those who attack you in melee.
You have a pair of horns on your head.


Message History

There is an open door here.
You see here 2 curare-tipped needles.
* * * LOW HITPOINT WARNING * * *
You feel very sick.
There is a radiant altar of Vehumet here.
You closely miss Sonja.
Sonja is heavily wounded.
* * * LOW HITPOINT WARNING * * *
You feel very sick.
Sonja says, "I'm academy-trained, you know."
Sonja unwields an uncursed enchanted blowgun.
Sonja wields an uncursed dagger of venom.
It begins to drip with poison!
Sonja hits you with an uncursed dagger of venom.
* * * LOW HITPOINT WARNING * * *
You are more poisoned.
Sonja closely misses you. Sonja hits you but does no damage. x2
You are more poisoned.
Sonja hits you with an uncursed dagger of venom.
You die...

################
#<.#..').#..'..#
#..'..#..'..#..+
#..#####'#####'#
#..####..#...#.#
#..#__####.(##.#
#..#_____##'#_.+
#⌠⌠#_.∩...'K.._#
####_..__##@.#+#
#_____###(#
####### #(#
+$.$+ #$.$#
##.## #+#


You could see Sonja.

Vanquished Creatures
  Sigmund (D)
  A yak (D)
  An ogre (D)
  A jelly (D)
  Ijyb (D)
5 creatures vanquished.

Vanquished Creatures (others)
  A gargoyle (D)
1 creature vanquished.

Grand Total: 6 creatures vanquished

Notes
Turn   | Place    | Note
-------+----------+-------------------------------------------
     0 | D        | P0ring the Minotaur Berserker began the quest for the Orb.
     0 | D        | Reached XP level 1. HP: 19/19 MP: 0/0
     1 | D        | Noticed Ijyb
    10 | D        | Killed Ijyb
    10 | D        | Reached skill level 5 in Fighting
    10 | D        | Reached skill level 5 in Axes
    10 | D        | Reached XP level 2. HP: 25/29 MP: 1/1
    67 | D        | Noticed an ogre
    72 | D        | Killed an ogre
    72 | D        | Reached XP level 3. HP: 40/40 MP: 2/2
    72 | D        | Reached XP level 4. HP: 48/48 MP: 3/3
    84 | D        | Noticed Sigmund
    89 | D        | Killed Sigmund
    89 | D        | Reached ** piety under Trog
    89 | D        | Reached skill level 1 in Maces & Flails
    89 | D        | Reached skill level 5 in Armour
    89 | D        | Reached XP level 5. HP: 49/58 MP: 4/4
   106 | D        | Found a deep blue altar of Sif Muna.
   107 | D        | Found an ornate altar of the Wu Jian Council.
   108 | D        | Found a radiant altar of Vehumet.
   112 | D        | Reached skill level 10 in Fighting
   112 | D        | Reached skill level 10 in Axes
   112 | D        | Reached XP level 6. HP: 56/66 MP: 5/5
   134 | D        | Found Jadorifu's Antique Armour Emporium.
   134 | D        | Found an ancient bone altar of Kikubaaqudgha.
   134 | D        | Found a hazy altar of Hepliaklqana.
   134 | D        | Found a hide-covered altar of Uskayaw.
   134 | D        | Found a basalt altar of Yredelemnul.
   134 | D        | Found an opulent altar of Gozag.
   134 | D        | Found a snail-covered altar of Cheibriados.
   134 | D        | Found a sacrificial altar of Ru.
   134 | D        | Found a shadowy altar of Dithmenos.
   134 | D        | Noticed a yak
   138 | D        | Killed a yak
   138 | D        | Reached skill level 5 in Dodging
   139 | D        | Found a stormy altar of Qazlal.
   139 | D        | Found a blossoming altar of Fedhas.
   139 | D        | Found a bloodstained altar of Trog.
   139 | D        | Found an iron altar of Okawaru.
   139 | D        | Found a glowing golden altar of the Shining One.
   139 | D        | Found a glowing silver altar of Zin.
   139 | D        | Found a white marble altar of Elyvilon.
   140 | D        | Found a sparkling altar of Nemelex Xobeh.
   148 | D        | Bought a glowing ring mail for 175 gold pieces
   161 | D        | Killed a gargoyle
   163 | D        | Noticed Sonja
   173 | D        | HP: 3/68 [poisoned by Sonja (curare-tipped needle)]
   173 | D        | HP: 1/68 [Sonja/uncursed dagger of venom (2)]
   173 | D        | Slain by Sonja

Skill      XL: |  1  2  3  4  5  6 |
---------------+-------------------+-----
Fighting       | 5 7 9 10 11 | 11.0
Axes           | 5 7 9 10 11 | 11.0
Armour         | 3 4 5 6 |  6.2
Dodging        | 3 4 5 |  5.5
Maces & Flails | 1 2 |  2.2

Action                   |  1- 3 |  4- 6 || total
-------------------------+-------+-------++-------
Melee: Hand axe          |     8 |       ||     8
       Headbutt          |     4 |     4 ||     8
       Club              |     4 |    17 ||    21
Armor: Animal skin       |     1 |       ||     1
       Leather armour    |       |     1 ||     1
       Ring mail         |       |     9 ||     9
Dodge: Dodged            |     8 |    18 ||    26
